 Dungeon Crawl Stone Soup version 0.24.0-13-gcf9b319 (webtiles) character file.

Game seed: 9907568086316028342, levelgen mode: deterministic

115080 Balder the Cleaver (level 16, -10/125 HPs)
             Began as a Demonspawn Gladiator on Apr 2, 2020.
             Was the Champion of Okawaru.
             Mangled by Asterion
             ... wielding a +1 broad axe of chopping
              (14 damage)
             ... on level 1 of the Elven Halls on Apr 4, 2020.
             The game lasted 03:21:14 (35284 turns).

Balder the Cleaver (Demonspawn Gladiator)          Turns: 35284, Time: 03:21:15

Health: -10/125    AC: 28    Str: 37    XL:     16   Next: 17%
Magic:  20/21      EV: 21    Int: 14    God:    Okawaru [******]
Gold:   783        SH:  6    Dex: 13    Spells: 15/15 levels left

rFire    + . .     SeeInvis +   b - +7 broad axe "Istophe" {venom, rC+ Str+6 Int+3 Dex-4}
rCold    + + .     Gourm    .   (no shield)
rNeg     . . .     Faith    .   t - +5 plate armour
rPois    .         Spirit   .   D - +2 helmet
rElec    .         Reflect  .   I - scarf {rC+ rF+}
rCorr    .         Harm     .   (no gloves)
MR       +++++                  o - +2 pair of boots of Okawaru's Scorn {MR++ Str+4}
Stlth    +++.......             s - amulet of regeneration
HPRegen  0.70/turn              O - +4 ring of evasion
MPRegen  0.17/turn              T - ring "Powufes" {*Drain *Slow MR+++ Str+9 SInv}

@: about to teleport, heroism
A: hooves 1, large bone plates 2, demonic guardian 1, low mp 1, nightstalker 2
a: Heroism, Finesse, Renounce Religion


You were on level 1 of the Elven Halls.
You worshipped Okawaru.
Okawaru was exalted by your worship.
You were not hungry.

You visited 6 branches of the dungeon, and saw 28 of its levels.
You also visited: Sewer.

You collected 2594 gold pieces.
You spent 1811 gold pieces at shops.

Inventory:

Hand Weapons
 a - a +2 morningstar of draining
 b - the +7 broad axe "Istophe" (weapon) {venom, rC+ Str+6 Int+3 Dex-4}
   (You bought it in a shop on level 5 of the Dungeon)

   It poisons the flesh of those it strikes.
   It affects your strength (+6).
   It affects your intelligence (+3).
   It affects your dexterity (-4).
   It protects you from cold.
 d - the +6 great mace of Amacos {crush, rPois Str+3}
   (Okawaru gifted it to you on level 13 of the Dungeon)

   It inflicts extra damage upon your enemies.
   It affects your strength (+3).
   It protects you from poison.
 N - the +6 great mace of Ihuerr {crush, rPois rN+}
   (Okawaru gifted it to you on level 11 of the Dungeon)

   It inflicts extra damage upon your enemies.
   It protects you from poison.
   It protects you from negative energy.
 S - a +4 vampiric war axe
 U - the +0 quarterstaff "Lyunuikh" {crush, Str+4 Int+4 Stlth+}
   (You found it on level 1 of the Swamp)

   It inflicts extra damage upon your enemies.
   It affects your strength (+4).
   It affects your intelligence (+4).
   It makes you more stealthy.
Missiles
 h - 2 throwing nets
 k - 36 boomerangs (quivered)
 E - 10 javelins
 W - 6 silver javelins
Armour
 g - the +0 scale mail "Yragaf" {MR+ rCorr Int+2 Stlth-}
   (You bought it in a shop on level 2 of the Orcish Mines)

   It affects your intelligence (+2).
   It affects your resistance to hostile enchantments.
   It provides partial protection from all sources of acid and corrosion.
   It makes you less stealthy.
 l - a +2 buckler of reflection
 o - the +2 pair of boots of Okawaru's Scorn (worn) {MR++ Str+4}
   (Okawaru gifted it to you on level 1 of the Lair of Beasts)

   It affects your strength (+4).
   It affects your resistance to hostile enchantments.
 t - a +5 plate armour (worn)
 y - the +0 pair of boots of Hedonism {Regen+ rCorr Int+2}
   (Okawaru gifted it to you on level 2 of the Swamp)

   It affects your intelligence (+2).
   It increases your rate of regeneration.
   It provides partial protection from all sources of acid and corrosion.
 D - a +2 helmet (worn)
 G - a scarf of spirit shield
 I - a scarf of resistance (worn)
 K - the +2 shield of Resistance {rF+ rC+ MR+}
   (You bought it in a shop on level 2 of the Orcish Mines)

   It protects you from fire.
   It protects you from cold.
   It affects your resistance to hostile enchantments.
 L - a +1 cloak of magic resistance
 Q - a +1 chain mail of poison resistance
Jewellery
 c - a +3 ring of evasion
 p - an uncursed amulet of the acrobat
 q - a +5 ring of strength
 s - an amulet of regeneration (around neck)
 O - a +4 ring of evasion (left hand)
 T - the ring "Powufes" (right hand) {*Drain *Slow MR+++ Str+9 SInv}
   (You found it on level 7 of the Dungeon)

   [ring of see invisible]

   It affects your strength (+9).
   It affects your resistance to hostile enchantments.
   It lets you see invisible.
   It causes draining when unequipped.
   It may slow you when you take damage.
Wands
 x - a wand of digging (10)
 B - a wand of random effects (25)
 R - a wand of clouds (2)
 V - a wand of scattershot (3)
 Y - a wand of flame (5)
 Z - a wand of polymorph (8)
Scrolls
 e - 13 scrolls of identify
 i - 3 scrolls of silence
 r - 11 scrolls of remove curse
 v - a scroll of magic mapping
 w - a scroll of fear
 C - 3 scrolls of immolation
 J - a scroll of fog
Potions
 m - 2 potions of cancellation
 n - 6 potions of flight
 z - 5 potions of mutation
 A - 2 potions of invisibility
 H - a potion of resistance
 M - a potion of curing
 P - 2 potions of haste
Miscellaneous
 u - a phantom mirror
 X - a phial of floods
Comestibles
 f - 21 rations
 j - 6 chunks of flesh


   Skills:
 * Level 11.0(16.0) Fighting
   Level 0.2(5.2) Short Blades
 * Level 12.9(19.3) Axes
 + Level 10.6(18.2) Maces & Flails
 + Level 7.7(12.7) Throwing
 + Level 9.5(14.5) Armour
 * Level 9.4(14.4) Dodging
 * Level 9.3(14.3) Stealth
 * Level 4.8(9.8) Shields
 * Level 11.2 Invocations
 + Level 1.0 Evocations


You had 15 spell levels left.
You didn't know any spells.
Your spell library contained the following spells:

 Spells                   Type           Power        Failure   Level  Hunger
 Animate Skeleton         Necr           N/A          75%         1    ##.....
 Flame Tongue             Conj/Fire      #....        75%         1    ##.....
 Magic Dart               Conj           #...         75%         1    ##.....
 Pain                     Necr           #...         75%         1    ##.....
 Summon Butterflies       Summ           #.......     75%         1    ##.....
 Corpse Rot               Necr           N/A          87%         2    ###....
 Searing Ray              Conj           #.....       87%         2    ###....
 Sublimation of Blood     Necr           #.........   87%         2    ###....
 Throw Flame              Conj/Fire      #.....       87%         2    ###....
 Call Canine Familiar     Summ           #.......     98%         3    ####...
 Conjure Flame            Conj/Fire      #.......     98%         3    ####...
 Dazzling Spray           Conj/Hex       #.....       98%         3    ####...
 Inner Flame              Hex/Fire       #.......     98%         3    ####...
 Regeneration             Chrm/Necr      #.........   98%         3    ####...
 Vampiric Draining        Necr           #.........   98%         3    ####...
 Animate Dead             Necr           N/A          100%        4    #####..
 Force Lance              Conj/Tloc      #.......     100%        4    #####..
 Fulminant Prism          Conj/Hex       #.........   100%        4    #####..
 Iskenderun's Mystic Bla  Conj           #.......     100%        4    #####..
 Sticky Flame             Conj/Fire      #.......     100%        4    #####..
 Summon Ice Beast         Ice/Summ       #.......     100%        4    #####..
 Agony                    Necr           #.......     100%        5    ######.
 Bolt of Draining         Conj/Necr      #.........   100%        5    ######.
 Dispel Undead            Necr           #.......     100%        5    ######.
 Excruciating Wounds      Chrm/Necr      #.........   100%        5    ######.
 Fireball                 Conj/Fire      #.........   100%        5    ######.
 Summon Mana Viper        Hex/Summ       #.......     100%        5    ######.
 Malign Gateway           Summ/Tloc      #.........   100%        7    #######
 Monstrous Menagerie      Summ           #.........   100%        7    #######
 Summon Greater Demon     Summ           #.........   100%        7    #######
 Summon Hydra             Summ           #.........   100%        7    #######
 Summon Horrible Things   Summ           #.........   100%        8    #######


Dungeon Overview and Level Annotations

Branches:
Dungeon (14/15)            Temple (1/1) D:4            Lair (6/6) D:9
  Swamp (4/4) Lair:4       Spider (0/4) Lair:2        Slime (0/5) Lair:6
    Orc (2/2) D:11            Elf (1/3) Orc:2        Vaults (0/5) D:14
  Sewer (visited)

Altars:
Cheibriados
Dithmenos
Gozag
Kikubaaqudgha
Makhleb
Nemelex Xobeh
Okawaru
Trog
Vehumet
Yredelemnul
Beogh

Shops:
D:5 *   D:11 %([   D:12 (   D:13 (   Orc:2 :[[(:

Annotations:
Lair:1 exclusion: 2 oklob plants
Lair:4 Bananafolds's ghost, journeyman MfSk; Tunlugh's ghost, adept GrEE; txstrosman's ghost, journeyman CeHu
Lair:6 exclusion: 2 oklob plants
Elf:1 Asterion


Innate Abilities, Weirdness & Mutations

You have large cloven feet.
You are mostly covered in large bone plates. (SH +6)
A weak demonic guardian rushes to your aid.
You are significantly more attuned to the shadows.
Your magical capacity is low. (-10% MP)


Message History

You feel strangely unstable. The Executioner misses you.
The Executioner completely misses you. The Executioner hits you.
* * * LOW HITPOINT WARNING * * *
The Executioner hits you but does no damage. x3
Asterion hits you with a +1 broad axe of chopping!!
* * * LOW HITPOINT WARNING * * *
x2 Asterion closely misses you.
Your ufetubus barely misses the Executioner.
Your ufetubus closely misses the Executioner.
The Executioner closely misses you. x2
The Executioner hits you but does no damage.
You barely miss the Executioner.
The Executioner is moderately wounded.
Asterion blocks your attack. The Executioner hits you.
* * * LOW HITPOINT WARNING * * *
You block the Executioner's attack. x2
Your ufetubus hits the Executioner but does no damage.
Your ufetubus misses the Executioner.
Asterion hits you with a +1 broad axe of chopping!
You die...

##### ###...###
+.......# #
#######....)..#####
+H@15.'.......').'.
#######.......####.
#.......# #.
###...### ## #####
#


You could see Asterion, an Executioner and a friendly ufetubus.

Vanquished Creatures
  Rupert (Lair:4)
  Gastronok (Lair:2)
  The ghost of Lutefisk the Warrior, a journeyman OgFE of Vehumet (Lair:4)
  Aizul (Swamp:3)
  2 orc warlords
  A stone giant (Orc:2)
  Fannar (Lair:2)
  8 vault guards (D:14)
  8 hydras
  A catoblepas (Lair:6)
  2 two-headed ogres
  7 alligators
  A shambling mangrove (Swamp:2)
  A centaur warrior (D:14)
  A ghost crab (Swamp:3)
  9 death yaks
  A deep troll shaman (Lair:6)
  6 dancing weapons (Elf:1)
  3 orc high priests (Orc:2)
  Sonja (D:12)
  2 spriggans
  3 deep elf knights (Elf:1)
  A fire crab (Lair:5)
  An unseen horror (D:11)
  2 spriggan druids
  4 deep elf archers (Elf:1)
  3 orc sorcerers (Orc:2)
  13 ugly things
  18 deep elf magi
  3 manticores
  3 cyclopes
  A centaur zombie (D:14)
  3 black mambas
  2 elephants (Lair:6)
  3 gargoyles
  A rime drake (Lair:2)
  A torpor snail (Lair:4)
  9 spiny frogs
  A kobold demonologist (D:14)
  6 komodo dragons
  14 hornets
  3 tyrant leeches
  A merfolk (D:10)
  7 trolls
  2 polar bears
  2 bog bodies (Swamp:1)
  21 blink frogs
  11 hippogriffs
  Sigmund (D:3)
  2 centaur simulacra (D:14)
  A vampire (D:14)
  A shadow (D:11)
  5 wraiths (D:13)
  2 wyverns
  A water elemental (Elf:1)
  An air elemental (Orc:2)
  A human (shapeshifter) (D:12)
  A basilisk (D:13)
  52 yaks
  3 hungry ghosts
  10 vampire mosquitoes
  4 wargs (Orc:2)
  8 swamp worms
  19 insubstantial wisps
  An acid dragon (D:11)
  14 water moccasins
  5 swamp drakes
  7 porcupines
  A sky beast (D:11)
  An eye of draining (D:14)
  8 ice beasts
  39 orc warriors
  2 phantoms
  3 black bears
  12 ogres
  5 necrophages
  14 wolves
  5 centaurs
  7 crocodiles
  An elf zombie (D:13)
  2 big kobolds
  A wyvern zombie (D:11)
  Blork the orc (D:6)
  10 bullfrogs
  2 water moccasin zombies (D:7)
  An earth elemental (Elf:1)
  A wyvern skeleton (D:12)
  9 scorpions
  A wight (D:13)
  2 howler monkeys
  3 crimson imps
  A quasit (D:11)
  2 jellies
  2 bullfrog zombies
  8 hounds
  15 orc priests
  Crazy Yiuf (D:3)
  2 human zombies (D:13)
  A gnoll shaman (D:5)
  23 orc wizards
  Jessica (D:3)
  3 centaur skeletons
  2 iguanas
  A human skeleton (D:13)
  8 worker ants
  A hound skeleton (D:8)
  3 gnolls (D:5)
  27 adders
  4 shadow imps
  3 white imps (D:14)
  2 ufetubi (D:14)
  3 oozes
  2 adder skeletons
  3 worms
  A dart slug (D:1)
  5 leopard geckos
  100 orcs
  8 bats
  6 giant cockroaches
  11 hobgoblins
  22 jackals
  2 quokkas
  4 ball pythons
  9 frilled lizards
  16 goblins
  2 jackal skeletons
  20 kobolds
  2 orc zombies (D:13)
  A quokka skeleton (D:4)
  A quokka zombie (D:8)
  11 rats
  A fungus (Lair:6)
  4 plants
812 creatures vanquished.

Vanquished Creatures (collateral kills)
  Josephine (D:13)
  A death yak (Lair:6)
  A deep elf mage (D:13)
  An ugly thing (D:12)
  Psyche (D:8)
  A rime drake (Lair:1)
  A spiny frog (Swamp:2)
  2 blink frogs (Lair:3)
  A spriggan (Swamp:2)
  5 yaks
  An insubstantial wisp (Swamp:3)
  A water moccasin (Lair:6)
  A sky beast (D:5)
  2 orc warriors (Orc:2)
  2 centaurs (D:11)
  A crocodile (Lair:1)
  A bullfrog (Lair:2)
  A scorpion (D:10)
  An orc priest (D:6)
  A worker ant (D:9)
  6 orcs
33 creatures vanquished.

Vanquished Creatures (others)
  The ghost of Bronimir the Cleaver, a journeyman OgFE of Makhleb (Lair:4)
  An orc sorcerer (Elf:1)
  3 fungi
  3 plants
8 creatures vanquished.

Grand Total: 853 creatures vanquished

Notes
Turn   | Place    | Note
-------+----------+-------------------------------------------
     0 | D:1      | Balder the Demonspawn Gladiator began the quest for the
                  | Orb.
     0 | D:1      | Reached XP level 1. HP: 16/16 MP: 1/1
   169 | D:1      | Gained mutation: A weak demonic guardian rushes to your
                  | aid. [demonic ancestry]
   169 | D:1      | Reached XP level 2. HP: 20/22 MP: 2/2
   286 | D:1      | Reached skill level 1 in Stealth
   627 | D:1      | Reached XP level 3. HP: 27/27 MP: 3/3
  1175 | D:2      | Reached XP level 4. HP: 26/33 MP: 4/4
  1370 | D:2      | Reached skill level 1 in Armour
  2244 | D:2      | Gained mutation: You are partially covered in large bone
                  | plates. (SH +4) [demonic ancestry]
  2244 | D:2      | Reached XP level 5. HP: 23/39 MP: 5/5
  2909 | D:3      | Noticed Jessica
  2924 | D:3      | Killed Jessica
  2953 | D:3      | Found a runed translucent door.
  2954 | D:3      | Noticed Crazy Yiuf
  2967 | D:3      | Killed Crazy Yiuf
  3523 | D:3      | Noticed Sigmund
  3545 | D:3      | Killed Sigmund
  3545 | D:3      | Gained mutation: You are slightly more attuned to the
                  | shadows. [demonic ancestry]
  3545 | D:3      | Reached XP level 6. HP: 24/46 MP: 6/6
  4439 | D:4      | Reached skill level 1 in Axes
  4451 | D:4      | Reached XP level 7. HP: 52/52 MP: 7/7
  4504 | D:4      | Reached skill level 5 in Maces & Flails
  4575 | D:4      | Found a staircase to the Ecumenical Temple.
  4591 | Temple   | Entered the Ecumenical Temple
  4663 | Temple   | Became a worshipper of Warmaster Okawaru
  5366 | D:5      | Entered Level 5 of the Dungeon
  5620 | D:5      | Found Viyschyt's Assorted Antiques.
  5646 | D:5      | Bought an iridescent broad axe for 198 gold pieces
  5648 | D:5      | Identified the +7 broad axe "Istophe" {venom, rC+ Str+6
                  | Int+3 Dex-4} (You bought it in a shop on level 5 of the
                  | Dungeon)
  5874 | D:6      | Reached * piety under Okawaru
  5903 | D:6      | Reached XP level 8. HP: 58/58 MP: 8/8
  5998 | D:6      | Reached skill level 2 in Axes
  6066 | D:6      | Found a glowing drain.
  6074 | Sewer    | Entered a sewer
  6774 | D:6      | Noticed Blork the orc
  6790 | D:6      | Killed Blork the orc
  6790 | D:6      | Reached skill level 3 in Axes
  7165 | D:5      | Bought a large ruby ring for 110 gold pieces
  7328 | D:7      | Reached skill level 4 in Axes
  7374 | D:7      | Reached ** piety under Okawaru
  7577 | D:7      | Reached XP level 9. HP: 64/64 MP: 9/9
  7706 | D:7      | Got a transparent turquoise ring
  7710 | D:7      | Identified the ring "Powufes" {*Drain *Slow MR+++ Str+9
                  | SInv} (You found it on level 7 of the Dungeon)
  7894 | D:7      | Reached skill level 5 in Axes
  8086 | D:7      | Noticed a moth of wrath
  8089 | D:7      | Found a bloodstained altar of Trog.
  8404 | D:8      | Noticed Psyche
  8409 | D:8      | Killed Psyche
  8409 | D:8      | Reached skill level 1 in Invocations
  8568 | D:8      | Reached *** piety under Okawaru
  8613 | D:8      | Paralysed by a hornet for 1 turns
  8614 | D:8      | Reached skill level 6 in Axes
  9171 | D:8      | Reached skill level 5 in Fighting
  9290 | D:9      | Found a staircase to the Lair.
  9294 | D:9      | Reached **** piety under Okawaru
  9370 | D:9      | Reached skill level 7 in Axes
  9370 | D:9      | Gained mutation: You are mostly covered in large bone
                  | plates. (SH +6) [demonic ancestry]
  9370 | D:9      | Reached XP level 10. HP: 64/73 MP: 8/12
  9375 | D:9      | Reached skill level 5 in Dodging
 10049 | D:10     | Entered Level 10 of the Dungeon
 10057 | D:10     | Reached skill level 5 in Armour
 10180 | D:10     | Reached skill level 8 in Axes
 10219 | D:10     | Noticed a gargoyle
 10233 | D:10     | Killed a gargoyle
 10340 | D:10     | Reached ***** piety under Okawaru
 10840 | D:11     | Noticed a cyclops
 10840 | D:11     | Noticed an unseen horror
 10850 | D:11     | Killed a cyclops
 10850 | D:11     | Received a gift from Okawaru
 10857 | D:11     | Killed an unseen horror
 10857 | D:11     | Reached skill level 5 in Stealth
 10935 | D:11     | Received a gift from Okawaru
 10939 | D:11     | Got a pitted great mace {god gift}
 10940 | D:11     | Identified the +6 great mace of Ihuerr {crush, rPois rN+}
                  | (Okawaru gifted it to you on level 11 of the Dungeon)
 11014 | D:11     | Found Pyibiu Mampo's Weapon Shop.
 11015 | D:11     | Found a staircase to the Orcish Mines.
 11061 | D:11     | Reached XP level 11. HP: 65/81 MP: 5/14
 11081 | D:11     | Found Buiraodu's Armour Shop.
 11397 | D:11     | Found Qitroets's Food Shoppe.
 11944 | D:12     | Reached skill level 5 in Invocations
 12109 | D:12     | Noticed Sonja
 12127 | D:12     | Killed Sonja
 12127 | D:12     | Reached skill level 5 in Throwing
 12802 | D:12     | Noticed a seven-headed hydra
 12812 | D:12     | Killed a seven-headed hydra
 13173 | D:12     | Noticed a purple ugly thing
 13184 | D:12     | Killed a purple ugly thing
 13241 | D:12     | Received a gift from Okawaru
 13246 | D:12     | Found Laniseh's Weapon Shop.
 13682 | Lair:1   | Entered Level 1 of the Lair of Beasts
 13793 | Lair:1   | Noticed an oklob plant
 13793 | Lair:1   | Noticed an oklob plant
 13965 | Lair:1   | Noticed a death yak
 13966 | Lair:1   | Noticed a death yak
 13967 | Lair:1   | Noticed a death yak
 13968 | Lair:1   | Noticed a death yak
 13990 | Lair:1   | Killed a death yak
 14003 | Lair:1   | Killed a death yak
 14003 | Lair:1   | Received a gift from Okawaru
 14003 | Lair:1   | Reached skill level 9 in Axes
 14022 | Lair:1   | Killed a death yak
 14156 | Lair:1   | Killed a death yak
 14156 | Lair:1   | Reached XP level 12. HP: 48/89 MP: 16/16
 14362 | Lair:1   | Got a pair of faintly glowing boots {god gift}
 14368 | Lair:1   | Identified the +2 pair of boots of Okawaru's Scorn {MR++
                  | Str+4} (Okawaru gifted it to you on level 1 of the Lair of
                  | Beasts)
 15188 | Lair:2   | Found a hole to the Spider Nest.
 15256 | Lair:2   | Reached skill level 10 in Axes
 15632 | Lair:2   | Noticed Gastronok
 15643 | Lair:2   | Killed Gastronok
 15643 | Lair:2   | Received a gift from Okawaru
 15651 | Lair:2   | Noticed Fannar
 15668 | Lair:2   | Killed Fannar
 16374 | Lair:3   | Reached XP level 13. HP: 76/98 MP: 14/18
 17144 | Lair:4   | Got a steaming short sword
 17145 | Lair:4   | Identified the +5 short sword of Meewn {elec, rC- Str+4}
                  | (You found it on level 4 of the Lair of Beasts)
 17356 | Lair:4   | Found a staircase to the Swamp.
 17359 | Lair:4   | Noticed Rupert
 17371 | Lair:4   | Killed Rupert
 17919 | Lair:4   | Identified a scroll of acquirement
 18240 | Lair:4   | Found a runed translucent gate.
 18240 | Lair:4   | Found a runed translucent gate.
 18241 | Lair:4   | Found a runed translucent gate.
 18246 | Lair:4   | Noticed txstrosman's ghost (journeyman CeHu)
 18246 | Lair:4   | Noticed Lutefisk's ghost (journeyman OgFE)
 18247 | Lair:4   | Noticed Bronimir's ghost (journeyman OgFE)
 18247 | Lair:4   | Noticed Bananafolds's ghost (journeyman MfSk)
 18247 | Lair:4   | Noticed Tunlugh's ghost (adept GrEE)
 18554 | Lair:5   | Received a gift from Okawaru
 19044 | Lair:5   | Found a dark tunnel.
 19575 | Lair:6   | Entered Level 6 of the Lair of Beasts
 19583 | Lair:6   | Reached ****** piety under Okawaru
 20144 | Lair:6   | Reached skill level 11 in Axes
 20178 | Lair:6   | Received a gift from Okawaru
 20841 | Lair:6   | Received a gift from Okawaru
 20842 | Lair:6   | Got an iridescent triple sword {god gift}
 20894 | Lair:6   | Identified the +5 triple sword "Bikhagaz" {slice, rN+}
                  | (Okawaru gifted it to you on level 6 of the Lair of Beasts)
 21478 | Orc:1    | Entered Level 1 of the Orcish Mines
 21483 | Orc:1    | Reached skill level 1 in Evocations
 21551 | Orc:1    | Gained mutation: You are significantly more attuned to the
                  | shadows. [demonic ancestry]
 21551 | Orc:1    | Reached XP level 14. HP: 85/108 MP: 20/20
 21738 | Orc:1    | Noticed an orc warlord
 21769 | Orc:1    | Killed an orc warlord
 22057 | Orc:2    | Entered Level 2 of the Orcish Mines
 22120 | Orc:2    | Found a roughly hewn altar of Beogh.
 22198 | Orc:2    | Found a roughly hewn altar of Beogh.
 22229 | Orc:2    | Found Uphud's Book Emporium.
 22465 | Orc:2    | Noticed a stone giant
 22481 | Orc:2    | Killed a stone giant
 22535 | Orc:2    | Found a staircase to the Elven Halls.
 23127 | D:13     | Received a gift from Okawaru
 23130 | D:13     | Got a twisted great mace {god gift}
 23137 | D:13     | Identified the +6 great mace of Amacos {crush, rPois Str+3}
                  | (Okawaru gifted it to you on level 13 of the Dungeon)
 23202 | D:13     | Found an iron altar of Okawaru.
 23216 | D:13     | Noticed Josephine
 23223 | D:13     | Killed Josephine
 23409 | D:13     | Found Yskep's Antique Weapon Shoppe.
 23534 | D:13     | Found a gate leading to a gauntlet.
 23879 | D:13     | Found a basalt altar of Yredelemnul.
 24063 | D:14     | Found an opulent altar of Gozag.
 24203 | D:14     | Found a gate to the Vaults.
 24215 | D:14     | Received a gift from Okawaru
 24242 | D:14     | Reached skill level 10 in Maces & Flails
 24545 | D:14     | Reached skill level 10 in Fighting
 24604 | D:14     | Reached skill level 10 in Invocations
 24629 | D:14     | Found a shadowy altar of Dithmenos.
 25119 | D:14     | Reached XP level 15. HP: 108/115 MP: 22/22
 25444 | Elf:1    | Entered Level 1 of the Elven Halls
 25455 | Orc:2    | Reached skill level 1 in Shields
 25571 | Orc:2    | Noticed an orc warlord
 25580 | Orc:2    | Killed an orc warlord
 25581 | Orc:2    | Found Dasuamoxt's Antique Weapon Boutique.
 25797 | Orc:2    | Found a roughly hewn altar of Beogh.
 25800 | Orc:2    | Found Zuixatav's Antique Armour Shop.
 25887 | Orc:2    | Received a gift from Okawaru
 25898 | Orc:2    | Got a warped lajatang {god gift}
 25908 | Orc:2    | Identified the +0 lajatang "Zitidaib" {venom, Fragile rElec
                  | rC+ MR+++} (Okawaru gifted it to you on level 2 of the
                  | Orcish Mines)
 25942 | Orc:2    | Found Oxta's Antique Armour Shoppe.
 26114 | Orc:2    | Found a roughly hewn altar of Beogh.
 26141 | Orc:2    | Found Ream's Book Shoppe.
 29714 | Orc:2    | Bought the +2 shield of Resistance {rF+ rC+ MR+} for 1233
                  | gold pieces
 29714 | Orc:2    | Found the +2 shield of Resistance {rF+ rC+ MR+}
 30266 | Swamp:1  | Entered Level 1 of the Swamp
 30334 | Swamp:1  | Reached skill level 12 in Axes
 31102 | Swamp:1  | Got a fine quarterstaff
 31576 | Swamp:2  | Received a gift from Okawaru
 31616 | Swamp:2  | Got a pair of faintly humming boots {god gift}
 31627 | Swamp:2  | Identified the +0 pair of boots of Hedonism {Regen+ rCorr
                  | Int+2} (Okawaru gifted it to you on level 2 of the Swamp)
 31826 | Swamp:2  | HP: 5/117 [spriggan rider/+0 spear (9)]
 32408 | Swamp:2  | Found an ancient bone altar of Kikubaaqudgha.
 32819 | Swamp:4  | Entered Level 4 of the Swamp
 32822 | Swamp:4  | Noticed Aizul
 33310 | Swamp:3  | Killed Aizul
 33330 | Swamp:3  | HP: 5/117 [poisoned by Aizul (bolt of poison)]
 33707 | Lair:4   | Killed Lutefisk's ghost
 33723 | Lair:4   | Killed Bronimir's ghost
 34514 | Orc:2    | Bought a jewelled scale mail for 270 gold pieces
 34532 | Orc:2    | Identified the cursed +0 scale mail "Yragaf" {MR+ rCorr
                  | Int+2 Stlth-} (You bought it in a shop on level 2 of the
                  | Orcish Mines)
 34877 | Elf:1    | Gained mutation: You have large cloven feet. [demonic
                  | ancestry]
 34877 | Elf:1    | Reached XP level 16. HP: 113/124 MP: 24/24
 35038 | Elf:1    | Received a gift from Okawaru
 35063 | Elf:1    | Gained mutation: Your magical capacity is low. (-10% MP) [a
                  | neqoxec]
 35244 | Elf:1    | Identified the +0 quarterstaff "Lyunuikh" {crush, Str+4
                  | Int+4 Stlth+} (You found it on level 1 of the Swamp)
 35266 | Elf:1    | Noticed Asterion
 35272 | Elf:1    | Noticed an Executioner
 35283 | Elf:1    | HP: 6/125 [Asterion/+1 broad axe of chopping (3)]
 35284 | Elf:1    | Mangled by Asterion

Levels and vault maps discovered:
D:1:      dpeg_arrival_arbitrary_c, layout_basic,
          chequers_serial_rivers_micro_d, minmay_quantized
D:2:      layout_loops_ring, kennysheep_pointless_box, minmay_snake_closets
D:3:      layout_rooms, minmay_vboxes, uniq_crazy_yiuf_cottage, uniq_jessica,
          uniq_sigmund
D:4:      layout_loops_corners, minmay_temple_entry_hall
D:5:      layout_rooms, first_ration, serial_shops, shop
D:6:      layout_rooms, portal_sewer_entry_d, uniq_blork_the_orc
D:7:      layout_layer_cave, tgw_trog, serial_bayou_pond_e
D:8:      layout_loops_ring, grunt_ministairs_3, uniq_psyche
D:9:      layout_roguey, lair_entry_dummy
D:10:     layout_roguey, hangedman_fish_farm
D:11:     layout_cave_pods, orc_david_3, serial_shops, shop_statue
D:12:     layout_grid_maze, serial_shops, shop, chequers_avenue, uniq_sonja
D:13:     layout_rooms, gauntlet_entry_generic, serial_shops,
          nicolae_shop_statue_plus, basic_altar,
          lemuel_mausoleum_altar_yredelemnul, uniq_josephine
D:14:     layout_loops_ring, erik_vaults_2, serial_ice, serial_ice_d,
          serial_ice_n, serial_ice_m, serial_ice_g, basic_altar,
          serial_park_gazebo [serial_park_minivault_5x5_8],
          david_defended_altar_elf
Temple:   roderic_octagonal_lattice_temple
Lair:1:   layout_long_grid, serial_bayou_shore_b, minmay_lair_oklob_chamber
Lair:2:   layout_regular_city, nicolae_spider_entry_non_spiders, uniq_gastronok,
          uniq_fannar
Lair:3:   layout_regular_city, grunt_megastairs_5
Lair:4:   layout_cave_pods, minmay_swamp_entry_wisps, gammafunk_ghost_cemetery,
          lemuel_fruit_fields, lemuel_fruit_fields, serial_bayou_shore_a,
          uniq_rupert
Lair:5:   layout_gridlike, nicolae_volcano_entry_hallway
Lair:6:   grunt_lair_end_beastmaster, layout_misc_corridors,
          minmay_slime_entry_oklob_enclosed
Swamp:1:  layout_basic_swamp, serial_swamp_ruin, evilmike_swamp_ruin_house_1,
          evilmike_swamp_ruin_rubble_2, swamp_pool3
Swamp:2:  layout_falls_marsh, hangedman_swamp_blocks, swamp_pool2,
          nicolae_swamp_godswood
Swamp:3:  layout_basic_swamp, evilmike_swamp_ruin_house_4, swamp_pool1
Swamp:4:  swamp_alternative, layout_basic_swamp, swamp_pool1,
          nicolae_swamp_fairy_circle, infiniplex_staircase_pool, uniq_aizul
Orc:1:    layout_diamond_mine
Orc:2:    grunt_orc_community_town_hall, layout_caves,
          grunt_orc_community_big_house_1, grunt_orc_community_big_house_1,
          grunt_orc_community_house_1, grunt_orc_community_house_3,
          grunt_orc_community_house_2, grunt_orc_community_house_2,
          serial_shops, nicolae_shop_behind_doors
Elf:1:    minmay_elf_arrival_circle, layout_geoelf_grid,
          hangedman_elven_crosses_minicolossus, onia_ninara_cookie,
          uniq_asterion

Skill      XL: |  1  2  3  4  5  6  7  8  9 10 11 12 13 14 15 16 |
---------------+-------------------------------------------------+-----
Maces & Flails | 3 4 5 6 7 8 9 10 | 10.6
Stealth        | 1 2 3 4 5 6 7 8 9 |  9.3
Dodging        | 3 4 5 6 7 8 9 |  9.4
Armour         | 1 2 3 4 5 6 7 8 9 |  9.5
Axes           | 1 4 7 8 9 10 11 12 | 12.9
Throwing       | 2 3 4 5 6 7 |  7.7
Fighting       | 3 4 5 6 8 9 10 11 | 11.0
Invocations    | 2 4 6 7 8 10 11 | 11.2
Evocations     | 1 |  1.0
Shields        | 4 |  4.8
Short Blades   | |  0.2

Action                   |  1- 3 |  4- 6 |  7- 9 | 10-12 | 13-15 | 16-18 || total
-------------------------+-------+-------+-------+-------+-------+-------++-------
Melee: Flail             |   123 |   214 |       |       |       |       ||   337
       Morningstar       |       |    11 |    63 |    71 |   141 |     3 ||   289
       Broad axe         |       |       |   229 |   226 |   693 |    73 ||  1221
       Great mace        |       |       |       |   222 |   356 |       ||   578
       Punch             |       |       |       |     1 |       |       ||     1
       Triple sword      |       |       |       |       |    15 |       ||    15
       Quick blade       |       |       |       |       |    12 |       ||    12
       Lajatang          |       |       |       |       |    26 |       ||    26
       Quarterstaff      |       |       |       |       |       |     5 ||     5
Throw: Throwing net      |       |     3 |     2 |     1 |       |       ||     6
       Javelin           |       |    12 |    17 |     4 |       |       ||    33
       Boomerang         |       |       |       |    26 |   190 |    15 ||   231
Invok: Heroism           |       |       |       |     7 |    10 |     1 ||    18
Evoke: Wand              |       |       |       |     6 |    12 |       ||    18
  Use: Potion            |       |     2 |       |     7 |    23 |       ||    32
       Scroll            |       |       |    11 |     8 |    31 |     2 ||    52
 Stab: Held in net/web   |       |       |     3 |     1 |       |       ||     4
       Distracted        |       |       |       |     6 |     5 |     1 ||    12
       Petrified         |       |       |       |       |     3 |       ||     3
  Eat: Chunk             |     1 |     7 |    10 |    11 |    15 |     2 ||    46
       Ration            |       |     1 |     3 |     4 |    13 |       ||    21
Armor: Leather armour    |     3 |       |       |       |       |       ||     3
       Scale mail        |    53 |   106 |    20 |       |       |       ||   179
       Chain mail        |       |       |    75 |     1 |       |       ||    76
       Plate armour      |       |       |     9 |   222 |   552 |    61 ||   844
Dodge: Dodged            |    63 |   137 |   166 |   401 |   817 |    59 ||  1643
Block: Other             |       |    22 |    58 |   148 |   256 |    12 ||   496
       Buckler           |       |       |       |       |    90 |    20 ||   110
       Reflection        |       |       |       |       |     3 |       ||     3
       Shield            |       |       |       |       |   253 |    10 ||   263
       Rpst.: Triple sword |       |       |       |       |     4 |       ||     4
